Map: Orbital Shipyard

Players

llllllllllll (Harstem)

  • Race: Protoss Protoss
  • League: Diamond

Bakemonoda - Winner!

  • Race: Terran Terran
  • League: Master

VOD

https://www.youtube.com/watch?v=iqv_ZU6-_RQ&feature=youtu.be

Description

LOTV TVP the new standard( aggressive and able to deal with adept warp prism)

Time

  • Played on: Sept. 29, 2015, 3:29 a.m.
  • Length: 10:21
Show
View Real Time Build Order
Export as new Build Order

llllllllllll Protoss 

Build Orders: 1 Gate Expand, Colossus Rush 

Get SALT Encoding   

  12  0:00  Probe (Chrono Boost)  
  13  0:14  Pylon  
  13  0:18  Probe (Chrono Boost)  
  14  0:27  Probe (Chrono Boost)  
  15  0:37  Probe (Chrono Boost)  
  15  0:39  Gateway  
  16  0:47  Probe (Chrono Boost)  
  16  0:49  Assimilator  
  17  0:57  Probe (Chrono Boost)  
  18  1:07  Probe (Chrono Boost)  
  19  1:22  Nexus  
  19  1:31  Cybernetics Core  
  19  1:34  Probe (Chrono Boost)  
  20  1:48  Probe (Chrono Boost)  
  20  1:51  Pylon  
  20  1:53  Assimilator  
  21  1:58  Probe (Chrono Boost)  
  22  2:08  Probe (Chrono Boost)  
  22  2:14  Adept  
  22  2:15  Warp Gate  
  25  2:18  Probe (Chrono Boost)  
  26  2:23  Robotics Facility  
  26  2:28  Probe (Chrono Boost)  
  27  2:37  Probe (Chrono Boost)  
  27  2:38  Probe (Chrono Boost)  
  27  2:41  Adept  
  31  2:47  Probe (Chrono Boost)  
  31  2:48  Probe (Chrono Boost)  
  30  2:57  Probe (Chrono Boost)  
  30  2:58  Probe (Chrono Boost)  
  32  3:07  Probe (Chrono Boost)  
  32  3:08  Probe (Chrono Boost)  
  34  3:14  Warp Prism  
  34  3:17  Probe x2 (Chrono Boost)  
  38  3:26  Probe (Chrono Boost)  
  38  3:27  Probe (Chrono Boost)  
  38  3:33  Pylon  
  40  3:36  Probe (Chrono Boost)  
  40  3:37  Probe (Chrono Boost)  
  42  3:46  Probe (Chrono Boost)  
  42  3:47  Mothership Core (Chrono Boost)  
  45  3:53  Assimilator  
  45  3:56  Probe (Chrono Boost)  
  45  3:57  Assimilator  
  45  3:59  Observer (Chrono Boost)  
  47  4:02  Gateway  
  47  4:04  Gateway  
  47  4:05  Probe x2 (Chrono Boost)  
  49  4:14  Probe, Pylon  
  49  4:16  Probe  
  51  4:24  Probe  
  51  4:28  Probe  
  53  4:34  Probe  
  53  4:35  Adept  
  51  4:38  Observer (Chrono Boost)  
  51  4:41  Probe  
  51  4:44  Probe  
  53  4:51  Pylon  
  54  4:53  Probe  
  54  4:54  Probe  
  56  5:02  Robotics Bay  
  56  5:04  Probe, Forge  
  56  5:05  Probe  
  56  5:07  Forge  
  58  5:08  Warp Prism (Chrono Boost)  
  58  5:10  Pylon x2  
  58  5:14  Probe  
  58  5:17  Probe  
  54  5:22  Sentry  
  54  5:24  Probe  
  54  5:25  Adept  
  54  5:26  Adept  
  54  5:27  Protoss Ground Armor Level 1 (Chrono Boost)  
  61  5:29  Probe  
  61  5:33  Probe  
  62  5:39  Protoss Ground Weapons Level 1 (Chrono Boost)  
  62  5:41  Probe  
  64  5:44  Probe  
  65  5:53  Colossus (Chrono Boost), Probe  
  65  5:56  Probe  
  73  6:02  Nexus  
  73  6:06  Probe  
  74  6:11  Twilight Council  
  74  6:14  Pylon  
  74  6:18  Adept x2  
  76  6:19  Adept  
  76  6:22  Pylon  
  76  6:25  Pylon  
  80  6:32  Probe  
  81  6:34  Cybernetics Core  
  81  6:35  Pylon  
  81  6:44  Pylon  
  81  6:46  Zealot x2  
  81  6:53  Colossus (Chrono Boost)  
  81  7:06  Gateway  
  81  7:09  Zealot x2  
  81  7:10  Gateway  
  81  7:15  Probe x2  
  81  7:26  Probe x3 (Chrono Boost)  
  84  7:33  Protoss Ground Weapons Level 2 (Chrono Boost)  
  84  7:34  Protoss Ground Armor Level 2 (Chrono Boost)  
  84  7:36  Probe x3 (Chrono Boost)  
  86  7:44  Colossus (Chrono Boost)  
  87  7:45  Probe x2 (Chrono Boost)  
  87  7:46  Probe (Chrono Boost)  
  87  7:49  Stalker x2  
  98  7:52  Extended Thermal Lance  
  98  7:54  Probe, Blink  
  99  7:59  Gateway  
  99  8:01  Photon Cannon  
  99  8:02  Probe  
  99  8:03  Sentry  
  99  8:04  Gateway, Pylon  
  102  8:12  Assimilator  
  102  8:17  Assimilator  
  102  8:21  Gateway  
  102  8:23  Gateway  
  102  8:25  Stalker x2  
  102  8:26  Stalker x2, Pylon  
  110  8:30  Probe  
  110  8:31  Colossus  
  111  8:39  Pylon  
  117  8:42  Pylon  
Show
View Real Time Build Order
Export as new Build Order

Bakemonoda Terran - Winner!

Build Orders: 1/1/1 

Get SALT Encoding   

  12  0:01  SCV  
  13  0:13  SCV  
  14  0:17  Supply Depot  
  14  0:25  SCV  
  15  0:30  Refinery  
  15  0:40  Barracks  
  15  0:45  SCV  
  16  0:57  SCV, Refinery  
  17  1:09  SCV  
  18  1:21  SCV  
  19  1:31  Factory  
  19  1:34  Orbital Command  
  19  1:42  Reaper  
  20  1:54  Supply Depot  
  20  2:03  SCV  
  21  2:15  SCV  
  22  2:18  Barracks Reactor  
  22  2:19  Starport  
  22  2:23  Factory Reactor  
  22  2:25  Barracks Tech Lab  
  22  2:28  SCV  
  23  3:03  Medivac  
  23  3:04  Widow Mine  
  27  3:09  SCV  
  27  3:10  Supply Depot  
  27  3:12  Supply Depot  
  28  3:13  Command Center  
  28  3:19  Widow Mine  
  30  3:27  SCV  
  31  3:32  Marauder  
  31  3:33  Supply Depot  
  33  3:36  Widow Mine  
  33  3:39  SCV  
  36  3:51  Widow Mine  
  36  3:55  Marauder  
  40  4:00  Armory  
  40  4:01  SCV  
  43  4:10  Hellion  
  43  4:18  Medivac  
  43  4:21  SCV, Hellion  
  47  4:33  SCV  
  47  4:37  Hellion  
  50  4:44  Orbital Command  
  47  4:58  Viking  
  51  5:00  Hellion x2  
  51  5:09  Marauder  
  53  5:16  SCV  
  54  5:28  SCV  
  55  5:32  Marauder  
  55  5:33  Hellion x2  
  63  5:36  SCV  
  63  5:39  Starport Tech Lab  
  63  5:40  SCV  
  63  5:48  SCV  
  64  5:51  Barracks  
  64  5:52  Supply Depot x2, Barracks, SCV  
  65  6:02  Hellion x2  
  69  6:04  SCV  
  70  6:13  Viking  
  70  6:14  Marauder  
  74  6:29  Hellion  
  74  6:30  SCV x2, Hellion  
  80  6:38  Marauder  
  80  6:39  Supply Depot  
  82  6:42  SCV x2  
  78  6:54  SCV  
  79  7:03  Liberator  
  80  7:23  Barracks Tech Lab, Marauder  
  80  7:25  Barracks Tech Lab, Hellion  
  80  7:26  Hellion  
  86  7:32  Barracks  
  86  7:34  Barracks  
  86  7:35  Engineering Bay x2  
  84  7:44  Command Center  
  82  7:53  Hellion x2  
  82  7:54  Marauder x3  
  92  7:59  Unknown  
  92  8:02  SCV x2  
  92  8:04  Refinery  
  92  8:05  Stimpack, Concussive Shells  
  94  8:06  Refinery  
  94  8:10  Terran Infantry Weapons Level 1, Terran Infantry Armor Level 1  
  94  8:29  Liberator  
  94  8:46  SCV  
  92  9:02  Marine x2, Marauder x3  
  92  9:20  Hellion x2  
  92  9:21  Orbital Command  
  92  9:26  SCV  
  92  9:27  SCV  
  92  9:29  Marauder  
  92  9:30  Barracks Reactor  
  92  9:31  Barracks Reactor  
  92  9:38  SCV  
Tags
 
Add a new tag
Caveats
  • Supply blocks, unpowered buildings, or Contaminate may cause inaccurate times.
  • Supply counts are checked every 10 seconds.